 Dungeon Crawl Stone Soup version 0.30-a0-1160-g6e42c06551 (webtiles) character file.

Game seed: 2125335887372121785

604 fozzywoppz the Sneak (level 7, 0/32 HPs)
             Began as a Spriggan Enchanter on Apr 25, 2023.
             Slain by Duvessa
             ... wielding a +0 rapier
              (17 damage)
             ... on level 4 of the Dungeon.
             The game lasted 00:13:22 (3483 turns).

fozzywoppz the Sneak (Spriggan Enchanter)           Turns: 3483, Time: 00:13:23

Health: 0/32       AC:  2    Str:  6    XL:     7   Next: 18%
Magic:  2/12       EV: 20    Int: 16    God:
Gold:   145        SH:  0    Dex: 16    Spells: 7/12 levels left

rFire   . . .        h - +0 dagger (protect)
rCold   . . .        (no shield)
rNeg    + . .        b - +0 robe
rPois   .            (helmet restricted)
rElec   .            (no cloak)
rCorr   .            (gloves unavailable)
SInv    +            (boots unavailable)
Will    +....        (no amulet)
Stlth   ++++         k - ring of positive energy
HPRegen 0.25/turn    (no ring)
MPRegen 0.13/turn

%: no passive effects
@: confusing by touch, very slightly contaminated, very quick
A: very small, no large weapons, unfitting armour, see invisible, speed 3
a: no special abilities


You were on level 4 of the Dungeon.
You visited 1 branch of the dungeon, and saw 4 of its levels.

You collected 145 gold pieces.

Inventory:

Hand Weapons
 h - a +0 dagger of protection (weapon)
Missiles
 r - 5 poisoned darts (quivered)
Armour
 b - a +0 robe (worn)
Jewellery
 k - a ring of positive energy (left hand)
Wands
 v - a wand of polymorph (7)
Scrolls
 d - 2 scrolls of magic mapping {unknown}
 f - a scroll of summoning {unknown}
 i - a scroll of enchant armour {unknown}
 j - a scroll of noise {unknown}
 l - a scroll of teleportation {unknown}
 n - a scroll of fog {unknown}
 p - a scroll of fear {unknown}
 q - 2 scrolls of vulnerability {unknown}
 u - a scroll of blinking {unknown}
Potions
 a - 2 potions of mutation
 c - 3 potions of invisibility
 e - 2 potions of berserk rage
 g - a potion of flight
 m - a potion of lignification {unknown}
 o - a potion of degeneration {unknown}
 s - a potion of magic {unknown}
 t - a potion of attraction {unknown}


   Skills:
 - Level 0.2 Fighting
 + Level 4.7 Short Blades
 + Level 6.3 Dodging
 + Level 7.9 Stealth
 - Level 3.0 Spellcasting
 - Level 4.0 Hexes


You had 7 spell levels left.
You knew the following spells:

 Your Spells              Type           Power      Damage    Failure   Level
a - Ensorcelled Hibernat  Hex/Ice        16%        N/A       12%         2
b - Confusing Touch       Hex            15%        N/A       11%         3

Your spell library contained the following spells:

 Spells                   Type           Power      Damage    Failure   Level
 Tukima's Dance           Hex            15%        N/A       11%         3
 Shock                    Conj/Air       8%         1d3       19%         1
 Dazzling Flash           Conj/Hex       16%        N/A       24%         3
 Blink                    Tloc           4%         N/A       28%         2
 Lesser Beckoning         Tloc           4%         N/A       28%         2
 Momentum Strike          Conj/Tloc      4%         3d8       28%         2
 Swiftness                Air            2%         N/A       50%         3
 Airstrike                Air            1%         2d(1-17)  88%         4


Dungeon Overview and Level Annotations

Branches:
Dungeon (4/15)
 Temple: D:4-7

Altars:
Fedhas
Ru
Sif Muna
Xom
Yredelemnul
The Shining One

Shops:
D:1 [((

Annotations:
D:3 2 runed translucent doors, bchevrier's ghost, amateur GnWn
D:4 Duvessa


Innate Abilities, Weirdness & Mutations

You are very small and have problems with some larger weapons.
You are too small for most types of armour.
You have supernaturally acute eyesight. (SInv)
You cover ground extremely quickly. (Speed+++)


Message History

Confirm with . or Enter, or press ? or * to list all spells.
Aiming: Ensorcelled Hibernation (safe; 12% risk of failure)
Press: ? - help, Shift-Dir - straight line, f/p - Dowan
Aim: Dowan, wielding a +0 dagger and wearing a +0 robe (chance to affect: 41%)
You miscast Ensorcelled Hibernation.
You are very lightly contaminated with residual magic.
Nothing appears to happen.
Dowan drinks a potion.
Dowan's spells are empowered!
Unknown command.
Casting: Ensorcelled Hibernation (safe; 12% risk of failure)
Confirm with . or Enter, or press ? or * to list all spells.
Aiming: Ensorcelled Hibernation (safe; 12% risk of failure)
Press: ? - help, Shift-Dir - straight line, f/p - Dowan
Aim: Dowan, wielding a +0 dagger and wearing a +0 robe (spells empowered, chance to affect: 41%)
You miscast Ensorcelled Hibernation.
Nothing appears to happen.
Casting: Ensorcelled Hibernation (safe; 12% risk of failure)
Confirm with . or Enter, or press ? or * to list all spells.
Aiming: Ensorcelled Hibernation (safe; 12% risk of failure)
Press: ? - help, Shift-Dir - straight line, f/p - Dowan
Aim: Dowan, wielding a +0 dagger and wearing a +0 robe (spells empowered, chance to affect: 41%) Dowan looks drowsy...
The helpless Dowan fails to defend himself.
You perforate Dowan like a sieve!!!
Your weapon exudes an aura of protection.
You kill Dowan!
Duvessa screams, "No!
How DARE you!"
Duvessa goes berserk!
Unknown command.
Casting: Ensorcelled Hibernation (safe; 12% risk of failure)
Confirm with . or Enter, or press ? or * to list all spells.
You can't see any susceptible monsters within range! (Use Z to cast anyway.)
Casting: Ensorcelled Hibernation (safe; 12% risk of failure)
Confirm with . or Enter, or press ? or * to list all spells.
The spell is quite dangerous to miscast (11% risk of failure)!
Continue anyway?
Your hands begin to glow red.
Duvessa barely misses you.
You closely miss Duvessa. Duvessa closely misses you.
You barely miss Duvessa. Duvessa closely misses you.
You barely miss Duvessa. Duvessa hits you with a +0 rapier.
You hit Duvessa but do no damage. Duvessa hits you with a +0 rapier! x2
Ouch! That really hurt!
You die...

#...# ##
.......
#...# #..
........
#...##..#
#####...
#........
###..
#....###..
.....
#........
#..^
#....#######
#..^
#....#....⌠#
#...
####.@e...8#
#...
#.#....⌠#
.#####..
#.##+#+##
........ #.#
.......< #.#
######.. #.#
...(.... #..
#######. ##.
#. ##.


You could see Duvessa (berserk).

Vanquished Creatures
  Grinder (D:4)
  A scorpion (D:4)
  Dowan (D:4)
  An orc priest (D:4)
  3 iguanas (D:3)
  3 orc wizards (D:4)
  3 adders
  A worm (D:3)
  A dart slug (D:2)
  9 orcs
  10 ball pythons
  3 bats
  8 endoplasms
  5 giant cockroaches
  6 goblins
  12 hobgoblins
  3 jackals (D:1)
  3 quokkas
  6 frilled lizards
  4 kobolds
  10 rats
94 creatures vanquished.

Vanquished Creatures (others)
  6 plants (D:4)
6 creatures vanquished.

Grand Total: 100 creatures vanquished

Notes
Turn   | Place    | Note
-------+----------+-------------------------------------------
     0 | D:1      | fozzywoppz the Spriggan Enchanter began the quest for the
                  | Orb.
     0 | D:1      | Reached XP level 1. HP: 9/9 MP: 5/5
    92 | D:1      | Found Kissuq's Armour Emporium.
   172 | D:1      | Found Irhiotra's Antique Weapon Boutique.
   216 | D:1      | Reached XP level 2. HP: 11/13 MP: 6/6
   232 | D:1      | Learned a level 2 spell: Ensorcelled Hibernation
   341 | D:1      | Found Esam's Antique Weapon Emporium.
   516 | D:1      | Reached XP level 3. HP: 16/16 MP: 8/8
   705 | D:2      | You fall into a shaft and drop 1 floor!
   812 | D:2      | Reached skill level 5 in Stealth
   974 | D:2      | Reached XP level 4. HP: 21/21 MP: 9/9
  1829 | D:3      | Found a large runed translucent door.
  1829 | D:3      | Found a large runed translucent door.
  1834 | D:3      | Noticed bchevrier's ghost (amateur GnWn)
  1945 | D:3      | Reached XP level 5. HP: 24/24 MP: 7/10
  2353 | D:4      | Noticed Grinder
  2465 | D:4      | Paralysed by Grinder for 3 turns
  2475 | D:3      | Learned a level 3 spell: Confusing Touch
  2516 | D:4      | Reached skill level 6 in Stealth
  2637 | D:4      | Paralysed by Grinder for 3 turns
  2698 | D:4      | Killed Grinder
  2699 | D:4      | Reached skill level 5 in Dodging
  2699 | D:4      | Reached skill level 7 in Stealth
  2699 | D:4      | Reached XP level 6. HP: 9/28 MP: 8/11
  2968 | D:4      | Found a shimmering altar of Xom.
  3218 | D:4      | Reached XP level 7. HP: 30/32 MP: 7/12
  3416 | D:4      | Found a blossoming altar of Fedhas.
  3420 | D:4      | Found a sacrificial altar of Ru.
  3422 | D:4      | Found a basalt altar of Yredelemnul.
  3434 | D:4      | Found a shimmering blue altar of Sif Muna.
  3440 | D:4      | Found a glowing golden altar of the Shining One.
  3472 | D:4      | Noticed Duvessa
  3472 | D:4      | Noticed Dowan
  3478 | D:4      | Killed Dowan
  3483 | D:4      | Slain by Duvessa

Illustrated notes

Levels and vault maps discovered:
D:1:      lightli_arrival_chessboard, layout_loops_ring, serial_shops,
          nicolae_shop_crystal, nicolae_shop_scrapyard, shop
D:2:      layout_basic
D:3:      layout_basic, ebering_ghost_disaster_area, serial_co_window_serial,
          co_window_paths_a, co_window_paths_b, co_window_paths_b,
          co_window_paths_a, co_window_paths_a, co_window_unsneaky_path_b,
          co_window_2corner, co_window_2corner, co_window_4corner_b,
          glass_columns_a, glass_columns_b, glass_columns_c, glass_columns_a,
          glass_columns_c
D:4:      dreamdust_elfheim, layout_rooms, nicolae_overflow_hallway_of_the_gods,
          xom_teletrap_fun, chequers_big_river, uniq_grinder

Skill      XL: |  1  2  3  4  5  6 |
---------------+-------------------+-----
Dodging        | 3 4 5 6 |  6.3
Hexes          | 4 |  4.0
Spellcasting   | 3 |  3.0
Short Blades   | 2 3 4 |  4.7
Stealth        | 5 7 |  7.9
Fighting       | |  0.2

Action                     |  1- 3 |  4- 6 |  7- 9 || total
---------------------------+-------+-------+-------++-------
  Melee: Dagger            |   180 |   169 |    40 ||   389
         Punch             |     1 |     2 |     1 ||     4
   Cast: Ensorcelled Hiber |       |    26 |     6 ||    32
         Confusing Touch   |       |     2 |     1 ||     3
    Use: Potion            |     1 |       |       ||     1
         Scroll            |     2 |     1 |       ||     3
   Stab: Sleeping          |    13 |    27 |     1 ||    41
         Confused          |       |     3 |       ||     3
 Armour: Robe              |    16 |    19 |     9 ||    44
  Dodge: Dodged            |   144 |    93 |    50 ||   287

Table legend: (Time is in decaauts)
 A = Elapsed time spent in this place.
 B = Non-inter-level travel time spent in this place.
 C = Inter-level travel time spent in this place.
 D = Time resting spent in this place.
 E = Time spent auto-exploring this place.
 F = Levels seen in this place.
 G = Mean time per level.
                   A        B        C        D        E       F      G
               +--------+--------+--------+--------+--------+-----+--------+
         Total |   2522 |   2450 |     72 |    203 |   1277 |   4 |  630.5 |
       Dungeon |   2522 |   2450 |     72 |    203 |   1277 |   4 |  630.5 |
               +--------+--------+--------+--------+--------+-----+--------+

Top non-repeatable levels by time:
     D:3: 909 daAuts
     D:4: 703 daAuts
     D:2: 476 daAuts
     D:1: 432 daAuts
